 Dungeon Crawl Stone Soup version 0.32-a0-485-g70f7560b1c (webtiles) character file.

Game seed: 7530302067796215204

3166 javelincjr the Fighter (level 9, -6/115 HPs)
             Began as a Demonspawn Warper on Feb 26, 2024.
             Was a Priest of Beogh.
             Killed by divine providence
             ... invoked by Olfrun the orc apostle
              (12 damage)
             ... on level 7 of the Dungeon.
             The game lasted 00:23:42 (5781 turns).

javelincjr the Fighter (Demonspawn Warper)          Turns: 5781, Time: 00:23:42

Health: -6/115     AC:  8    Str: 15    XL:     9   Next: 63%
Magic:  12/12      EV: 21    Int: 14    God:    Beogh [***...]
Gold:   336        SH:  0    Dex: 13    Spells: 8/12 levels left

rFire   . . .        O - +0 trident (protect)
rCold   . . .        (no shield)
rNeg    . . .        w - +0 swamp dragon scales
rPois   +            (helmet unavailable)
rElec   .            K - scarf {shadows}
rCorr   .            (no gloves)
SInv    +            J - +0 pair of boots
Will    .....        (no amulet) Stlth
                     l - +5 ring of evasion
HPRegen 0.39/turn    I - +5 ring of evasion
MPRegen 0.13/turn

%: no passive effects
@: berserking (expiring), very quick
A: antennae 3, demonic guardian 1, spiny 2, sense surroundings 1, wild magic 1,
sturdy frame 1
a: Renounce Religion, Smiting


You were on level 7 of the Dungeon.
You worshipped Beogh.
Beogh was most pleased with you.
You visited 1 branch of the dungeon, and saw 7 of its levels.
You also visited: Sewer.

You collected 336 gold pieces.

Inventory:

Hand Weapons
 a - a +0 heavy spear
 j - a +1 dagger of protection
 q - a +0 sling
 A - a +2 short sword of venom
 O - a +0 trident of protection (weapon)
Missiles
 d - 7 darts of dispersal (quivered)
 o - 14 poisoned darts
 C - 2 javelins
 D - a curare-tipped dart
Armour
 b - a +0 leather armour
 h - a +0 chain mail
 w - +0 swamp dragon scales (worn)
 J - a +0 pair of boots (worn)
 K - a scarf of shadows (worn)
 P - +0 steam dragon scales
Jewellery
 f - a ring of poison resistance
 g - an amulet of faith
 i - a +6 ring of intelligence
 l - a +5 ring of evasion (left hand)
 s - a ring of ice
 I - a +5 ring of evasion (right hand)
 M - a ring of willpower
 N - a ring of ice
Talismans
 e - a dragon-blood talisman
 n - a flux talisman
 t - a serpent talisman
Wands
 H - a wand of digging (8)
Scrolls
 c - 4 scrolls of blinking
 p - 2 scrolls of teleportation
 r - 2 scrolls of poison
 y - 2 scrolls of fear
 F - 2 scrolls of immolation
Potions
 k - a potion of heal wounds {unknown}
 m - a potion of attraction {unknown}
 u - 2 potions of curing
 v - 5 potions of brilliance {unknown}
 x - a potion of enlightenment {unknown}
 z - a potion of might
 B - 4 potions of mutation
 G - a potion of cancellation
 L - a potion of resistance {unknown}


   Skills:
 * Level 9.5 Fighting
 - Level 1.8 Polearms
 - Level 0.8 Throwing
 - Level 1.0 Armour
 - Level 2.1 Dodging
 - Level 1.0 Unarmed Combat
 - Level 2.3 Spellcasting
 - Level 3.2 Translocations
 * Level 7.7 Shapeshifting


You had 8 spell levels left.
You knew the following spells:

 Your Spells              Type           Power      Damage    Failure   Level
a - Blink                 Tloc           28%        N/A       19%         2
b - Lesser Beckoning      Tloc           28%        N/A       19%         2

Your spell library contained the following spells:

 Spells                   Type           Power      Damage    Failure   Level
 Teleport Other           Tloc           14%        N/A       34%         3
 Cigotuvi's Dreadful Rot  Necr/Alch/Air  4%         N/A       52%         2
 Ensorcelled Hibernation  Hex/Ice        4%         N/A       52%         2
 Manifold Assault         Tloc           14%        N/A       71%         4
 Fugue of the Fallen      Necr           2%         N/A       75%         3
 Vhi's Electric Charge    Tloc/Air       16%        N/A       90%         4
 Anguish                  Hex/Necr       1%         N/A       98%         4
 Dispel Undead            Necr           2%         3d7       98%         4
 Martyr's Knell           Necr/Summ      2%         N/A       98%         4
 Death Channel            Necr           1%         N/A       100%        6


Dungeon Overview and Level Annotations

Branches:
Dungeon (7/15)              Sewer (visited)
 Temple: D:4-7

Altars:

Annotations:
D:6 3 runed translucent doors, LobsterGuardian's ghost, novice CoGl


Innate Abilities, Weirdness & Mutations

Your facial features look somewhat orcish.
You have a pair of large antennae on your head. (SInv)
A weak demonic guardian rushes to your aid.
You are mostly covered in sharp spines.
You passively map a small area around you.
Your spells are a little harder to cast, but a little more powerful.
Your movements are slightly less encumbered by armour. (ER -2)


Message History

A demonic guardian appears!
It was a potion of cancellation.
Your magical effects are unravelling.
You feel magically purged.
You feel a little less mighty now.
It was a potion of berserk rage.
A red film seems to cover your vision as you go berserk!
You feel yourself moving faster!
You feel mighty!
Olfrun hits you with a +1 hand axe of freezing.
* * * LOW HITPOINT WARNING * * *
Olfrun freezes you.
* * * LOW HITPOINT WARNING * * *
Olfrun hits your iron imp with a +1 hand axe of freezing.
Olfrun freezes your iron imp.
You closely miss Olfrun.
Your iron imp hits Olfrun.
You closely miss Olfrun.
Olfrun is lightly wounded.
Olfrun barely misses you.
Olfrun hits your iron imp with a +1 hand axe of freezing.
Olfrun freezes your iron imp.
You closely miss Olfrun.
Olfrun is lightly wounded.
Your iron imp barely misses Olfrun.
Olfrun barely misses you.
Olfrun hits your iron imp but does no damage.
Olfrun mumbles some strange prayers to Beogh.
Olfrun's wounds begin to rapidly close.
Your iron imp hits Olfrun.
You feel a strong urge to attack something.
Reach: O) +0 trident (protect)
Press: ? - help, Dir - move target, f - Olfrun
Aim: Olfrun the orc apostle, wielding a +1 hand axe of freezing and wearing a +3 ring mail (lightly wounded, regenerating, ally target, empowered by the touch of Beogh, about 47% to evade your +0 trident of protection)
You reach to attack!
You barely miss Olfrun.
Olfrun is lightly wounded.
Olfrun hits your iron imp with a +1 hand axe of freezing!
Olfrun freezes your iron imp.
Your iron imp dies!
Your iron imp disappears in a puff of smoke!
Olfrun invokes the aid of Beogh against you.
Beogh smites you!
You die...
Beogh appreciates Olfrun's killing of a heretic priest.

#####* #######..
.#....#######.†...... ,
..........#...#......, ,
,......§@...)..#...... ,
* ......o.).....#.....#
* ##...#..).#...#.....#
#........#(..#.....### ,
,
,.....#....#...#####...#
.#...##...#...#####...#
* ... ..###...........#
, , .. #...
####.......### * ,, *
#..........#..


You could see Olfrun the orc apostle (regenerating, divinely empowered).

Vanquished Creatures
  2 wyverns (D:7)
  5 yaks (D:7)
  A steam dragon (D:7)
  A sky beast (D:7)
  3 ice beasts
  An orc warrior (D:7)
  A centaur (D:6)
  A phantom (D:6)
  3 kobold brigands (Sewer)
  A bullfrog (D:6)
  2 scorpions
  A howler monkey (D:5)
  A bombardier beetle (D:3)
  3 jellies (D:6)
  7 orc priests
  2 gnoll boudas
  3 hounds (D:6)
  3 iguanas
  3 orc wizards (D:7)
  Natasha (twice) (D:2)
  8 gnolls
  11 adders
  A white imp (D:6)
  4 ufetubi (D:6)
  A dart slug (D:2)
  4 ribbon worms
  22 orcs
  2 ball pythons
  11 bats
  6 endoplasms
  4 giant cockroaches
  6 goblins
  7 hobgoblins
  2 jackals (D:3)
  A quokka (D:5)
  3 frilled lizards
  13 kobolds
  6 rats
158 creatures vanquished.

Vanquished Creatures (others)
  2 orc priests
  An orc wizard (D:7)
  2 orcs (D:7)
5 creatures vanquished.

Grand Total: 163 creatures vanquished

Notes
Turn   | Place    | Note
-------+----------+-------------------------------------------
     0 | D:1      | javelincjr the Demonspawn Warper began the quest for the
                  | Orb.
     0 | D:1      | Reached XP level 1. HP: 16/16 MP: 3/3
   163 | D:1      | Reached skill level 1 in Armour
   295 | D:1      | Gained mutation: You are partially covered in sharp spines.
                  | [demonic ancestry]
   295 | D:1      | Reached XP level 2. HP: 22/22 MP: 5/5
   372 | D:1      | Learned a level 2 spell: Blink
   375 | D:1      | Learned a level 2 spell: Lesser Beckoning
   375 | D:1      | You fall into a shaft and drop 1 floor!
   436 | D:2      | Noticed Natasha
   446 | D:2      | Killed Natasha
   447 | D:2      | Reached XP level 3. HP: 10/28 MP: 6/6
   598 | D:2      | Reached skill level 1 in Shapeshifting
   745 | D:2      | Noticed Natasha
   761 | D:2      | Killed Natasha
   762 | D:2      | Gained mutation: You have a pair of small antennae on your
                  | head. [demonic ancestry]
   762 | D:2      | Reached XP level 4. HP: 16/34 MP: 7/7
  1260 | D:3      | Reached skill level 1 in Unarmed Combat
  1350 | D:3      | Reached skill level 3 in Fighting
  1507 | D:3      | Gained mutation: You have a pair of antennae on your head.
                  | [demonic ancestry]
  1507 | D:3      | Reached XP level 5. HP: 41/41 MP: 8/8
  2126 | D:4      | Became a worshipper of Beogh the Shepherd
  2442 | D:4      | Reached skill level 4 in Fighting
  2442 | D:4      | Gained mutation: You are mostly covered in sharp spines.
                  | [demonic ancestry]
  2442 | D:4      | Reached XP level 6. HP: 26/48 MP: 9/9
  2852 | D:5      | Entered Level 5 of the Dungeon
  3531 | D:6      | Found a glowing drain.
  3544 | D:6      | Reached XP level 7. HP: 20/55 MP: 10/10
  3545 | D:6      | Reached skill level 5 in Fighting
  3559 | Sewer    | Entered a sewer
  3688 | Sewer    | Reached * piety under Beogh
  3956 | D:6      | Reached skill level 6 in Fighting
  4089 | D:6      | Gained mutation: You have a pair of large antennae on your
                  | head. (SInv) [demonic ancestry]
  4089 | D:6      | Reached XP level 8. HP: 64/64 MP: 11/11
  4089 | D:6      | Gained mutation: You occasionally lose the ability to drink
                  | potions when taking damage. [potion of mutation]
  4089 | D:6      | Gained mutation: Your mind is acute. (Int +4, Str/Dex -1)
                  | [potion of mutation]
  4090 | D:6      | Lost mutation: Your mind is acute. (Int +4, Str/Dex -1)
                  | [potion of mutation]
  4090 | D:6      | Lost mutation: You occasionally lose the ability to drink
                  | potions when taking damage. [potion of mutation]
  4090 | D:6      | Gained mutation: Your spells are a little easier to cast,
                  | but a little less powerful. [potion of mutation]
  4090 | D:6      | Gained mutation: You have a somewhat thin skeletal
                  | structure. (Dex +2, Stealth+) [potion of mutation]
  4091 | D:6      | Lost mutation: Your spells are a little easier to cast, but
                  | a little less powerful. [potion of mutation]
  4091 | D:6      | Lost mutation: You have a somewhat thin skeletal structure.
                  | (Dex +2, Stealth+) [potion of mutation]
  4091 | D:6      | Gained mutation: Your movements are slightly less
                  | encumbered by armour. (ER -2) [potion of mutation]
  4091 | D:6      | Gained mutation: You passively map a small area around you.
                  | [potion of mutation]
  4091 | D:6      | Gained mutation: Your spells are a little harder to cast,
                  | but a little more powerful. [potion of mutation]
  4102 | D:6      | Reached skill level 5 in Shapeshifting
  4148 | D:6      | Reached skill level 7 in Fighting
  4351 | D:6      | Reached ** piety under Beogh
  4353 | D:6      | HP: 1/67 [orc priest/divine providence (11)]
  4652 | D:6      | Found a runed translucent gate.
  4652 | D:6      | Found a runed translucent gate.
  4652 | D:6      | Found a runed translucent gate.
  4656 | D:6      | Noticed a spectral unseen horror
  4656 | D:6      | Noticed LobsterGuardian's ghost (novice CoGl)
  4985 | D:7      | Reached skill level 8 in Fighting
  5010 | D:7      | Gained mutation: A weak demonic guardian rushes to your
                  | aid. [demonic ancestry]
  5010 | D:7      | Reached XP level 9. HP: 24/75 MP: 12/12
  5620 | D:7      | Reached skill level 9 in Fighting
  5753 | D:7      | Reached *** piety under Beogh
  5765 | D:7      | Noticed Olfrun
  5774 | D:7      | HP: 4/115 [Olfrun the orc apostle/+1 hand axe of freezing
                  | (3)]
  5781 | D:7      | Killed from afar by Olfrun the orc apostle

Illustrated notes

Levels and vault maps discovered:
D:1:      minmay_arrival_radiant_lines, layout_loops_corners,
          shapermc_ecumenical_altar_mp_highgroup
D:2:      layout_basic, minmay_tetromino_s4, uniq_natasha
D:3:      layout_basic, serial_curves, eino_curves_03, eino_curves_02,
          corexii_corridor_pit, guppyfry_early_lair_pool
D:4:      layout_loops_ring, nicolae_elevator_lobby_asterisk
D:5:      layout_gridville
D:6:      layout_cave_pools, gammafunk_ghost_necromancy, gup_sewer_entry_glass,
          minmay_misc_feat_hallway, small_statue_intersection
D:7:      layout_basic, minmay_temple_entry_grid

Skill      XL: |  1  2  3  4  5  6  7  8  9 |
---------------+----------------------------+-----
Armour         | 1 |  1.0
Dodging        | 2 |  2.1
Translocations | 3 |  3.2
Shapeshifting  | 1 2 3 4 6 7 |  7.7
Unarmed Combat | 1 |  1.0
Fighting       | 3 4 6 8 9 |  9.5
Polearms       | |  1.8
Throwing       | |  0.8
Spellcasting   | |  2.3

Action                     |  1- 3 |  4- 6 |  7- 9 || total
---------------------------+-------+-------+-------++-------
  Melee: Spear             |    32 |       |       ||    32
         Dagger            |    81 |   221 |   272 ||   574
         Trident           |       |       |    52 ||    52
 Invoke: Convert to Beogh  |       |     1 |       ||     1
    Use: Scroll            |       |     7 |     2 ||     9
         Potion            |       |       |     7 ||     7
 Armour: Leather armour    |    57 |    17 |       ||    74
         Swamp dragon scal |       |    48 |   152 ||   200
  Dodge: Dodged            |    65 |   178 |   299 ||   542

Table legend: (Time is in decaauts)
 A = Elapsed time spent in this place.
 B = Non-inter-level travel time spent in this place.
 C = Inter-level travel time spent in this place.
 D = Time resting spent in this place.
 E = Time spent auto-exploring this place.
 F = Levels seen in this place.
 G = Mean time per level.
                   A        B        C        D        E       F      G
               +--------+--------+--------+--------+--------+-----+--------+
         Total |   5816 |   5719 |     97 |    313 |   3976 |   8 |  727.0 |
       Dungeon |   5415 |   5318 |     97 |    313 |   3711 |   7 |  773.6 |
         Sewer |    401 |    401 |      0 |      0 |    265 |   1 |  401.0 |
               +--------+--------+--------+--------+--------+-----+--------+

Top non-repeatable levels by time:
     D:6: 1142 daAuts
     D:2: 867 daAuts
     D:4: 861 daAuts
     D:3: 756 daAuts
     D:7: 746 daAuts
     D:5: 667 daAuts
   Sewer: 401 daAuts
     D:1: 373 daAuts
